Match 47385157
Unlisted

Match 47385157
End
Kradschützen Motorcycle Team
Selects Italian Combined Arms Battlegroup
Selects Bersaglieri Squad
Bersaglieri Squad
Bersaglieri Squad
Panzerpioneer Squad
Bersaglieri Squad
Construct Light Support Kompanie
2.5-tonne Medical Truck
Fire Support Elements
Selects Bersaglieri Bolster
Flakvierling Half-track
Panzerjäger Mechanized Group
Selects Breda Model 30 Light Machine Guns
mariopl97
JBQuib
ConcernedApe
badiba
0
0

Comments sign in to comment!

No comments posted yet!